woodfighter, chaotic female human Barbarian -------- --------------- |..<.$.^.###############..............| ...... # |.............| |. # |.............| | # +.......>.....| # ----------.---- # # `@f##### # woodfighter the Pillager Experience level: 5 Strength: 18/01 Dexterity: 19 Constitution: 18 Intelligence: 7 Wisdom: 7 Charisma: 6 Health: 0(49) Energy: 10(10) Def: 3 Gold: 781 Moves: 2453 Dungeon seed: m1Jm2fO8cHWmHnb1 Game ID: woodfighter_1561766017 Your Inventory: Coins $ - 781 gold pieces Weapons a - a blessed +0 battle-axe (weapon in hands) b - a blessed +0 short sword (alternate weapon; not wielded) i - 2 +0 daggers Armor e - an uncursed +0 ring mail (being worn) n - an uncursed +0 orcish helm q - an uncursed +0 cloak of displacement r - an uncursed +1 orcish helm Comestibles c - 4 uncursed food rations d - an uncursed cream pie t - an uncursed pancake w - 2 uncursed lembas wafers D - an uncursed sprig of wolfsbane Scrolls h - 2 uncursed scrolls of scare monster p - a cursed scroll of teleportation s - an uncursed scroll of light u - an uncursed scroll of identify Spellbooks m - an uncursed spellbook of clairvoyance Potions j - an uncursed potion of invisibility v - an uncursed potion of levitation x - a blessed potion of healing A - a cursed potion of gain energy B - a potion of holy water C - an uncursed potion of extra healing Wands o - a wand of enlightenment (0:11) Tools f - a cursed oil lamp (0:1106) g - an uncursed towel l - an uncursed tin whistle Gems y - an uncursed worthless piece of green glass z - an uncursed topaz Spells and supernatural/magical abilities: Name Level Category Fail Memory W - pray for help -- divine ? -- Your skills at the end: Miscellaneous Skills bare handed combat [Basic] Weapon Skills axe [Basic] short sword [Basic] Spellcasting Skills Final Attributes: You were piously aligned. You were poison resistant. Set was angry with you. You are dead. You faced a greater challenge. Vanquished creatures: a large mimic a large dog a leprechaun a rock piercer a gnomish wizard a ghoul 2 iguanas 2 hill orcs 3 coyotes 4 hobbits 2 acid blobs a large kobold 3 geckos 2 giant rats a brown mold 2 yellow molds 5 gnomes 6 jackals 3 foxes a kobold a newt a goblin 2 bats 2 lichens 49 creatures vanquished. Voluntary challenges: You did not adorn yourself with jewelry or accessories. You did not cause conflict. You were not invisible. You did not have reflection. You were not displaced. You used a wielded weapon 48 times, starting on turn 79. You did not apply a unicorn horn. You did not use sinks. You did not drink any magical draughts. You were illiterate. You never genocided any monsters. You never polymorphed an object. You never changed form. You used no wishes. You never split a pudding. You never wrote Elbereth's name. You never violated your personal moral code. Dungeon overview: The Dungeons of Doom: levels 1 to 8 Level 1 a long staircase Level 2 a wand shop, some sinks Level 3 stairs to The Gnomish Mines Level 4 a fountain Level 5 (leprechaun) a potion shop Level 6 Level 7 <- You were here Level 8 The Gnomish Mines: Level 4 stairs to The Dungeons of Doom History has recorded: On T:1 you entered the Dungeons of Doom to retrieve the Amulet of Yendor! On T:69 you prayed to Set. On T:228 you reached level 2 of The Dungeons of Doom. On T:481 you advanced to experience level 2. On T:836 you advanced to experience level 3. On T:860 you reached level 3 of The Dungeons of Doom. On T:862 you advanced to experience level 4. On T:965 you reached level 4 of The Dungeons of Doom. On T:1080 you reached level 1 of The Gnomish Mines. On T:1329 you prayed to Set. On T:1685 you reached level 5 of The Dungeons of Doom. On T:1915 you advanced to experience level 5. On T:2010 you reached level 6 of The Dungeons of Doom. On T:2396 you reached level 7 of The Dungeons of Doom. On T:2405 you reached level 8 of The Dungeons of Doom. Score breakdown: Gold: 781 ( 78 points) Experience: 5 levels ( 400 points) Exploration: 8 levels ( 210 points) Discoveries: 17 items ( 850 points) Variety of kills: 24 monsters ( 1200 points) Major goal: (nothing yet) ( 0 points) Survival: died (score multiplied by 6) Total score: 16428 Latest messages: The large dog misses kitty. The large dog bites! You smite the large dog! Kitty misses the large dog. The large dog bites! You smite the large dog! Kitty misses the large dog. The large dog bites! You smite the large dog! Kitty misses the large dog. The large dog bites! Kitty misses the large dog. You kill the large dog! You displace kitty. Kitty misses the giant beetle. The giant beetle bites! The gecko bites! You kill the gecko! The panther suddenly falls asleep! You stop exploring. You hear some noises. You smite the panther! The panther claws you! (2x) The panther bites! You smite the panther! The panther claws you! (2x) You die... Final status: Goodbye woodfighter the Barbarian, killed by a panther... You died in The Dungeons of Doom on dungeon level 7 with 16428 points, and 781 pieces of gold, after 2453 moves. You were level 5 with a maximum of 49 hit points when you died.